 Dungeon Crawl Stone Soup version 0.29-a0-892-g2c4c91d9db (webtiles) character file.

Game seed: 10358940569466582731

7580 nucleargodhead the Cleaver (level 10, -4/104 HPs)
             Began as a Minotaur Berserker on July 23, 2022.
             Was a High Priest of Trog.
             Slain by a blink frog (14 damage)
             ... on level 1 of the Lair of Beasts.
             The game lasted 00:12:06 (10057 turns).

nucleargodhead the Cleaver (Minotaur Berserker)    Turns: 10057, Time: 00:12:07

Health: -4/104     AC: 12    Str: 27    XL:     10   Next: 97%
Magic:  9/9        EV:  7    Int:  4    God:    Trog [*****.]
Gold:   574        SH:  0    Dex:  9    Spells: 9/9 levels left

rFire   . . .      SeeInvis .   K - +3 hand axe (freeze)
rCold   . . .      Faith    .   (no shield)
rNeg    . . .      Spirit   .   F - +0 plate armour
rPois   .          Reflect  .   (helmet restricted)
rElec   .          Harm     .   M - scarf {repulsion}
rCorr   .          Rampage  .   e - +0 pair of gloves
Will    .....                   (no boots)
Stlth   ..........              (no amulet)
HPRegen 0.27/turn               (no ring)
MPRegen 0.11/turn               (no ring)

@: repel missiles
A: horns 2, retaliatory headbutt
a: Renounce Religion, Berserk, Trog's Hand, Brothers in Arms


You were on level 1 of the Lair of Beasts.
You worshipped Trog.
Trog was extremely pleased with you.
You visited 2 branches of the dungeon, and saw 10 of its levels.

You collected 574 gold pieces.

Inventory:

Hand Weapons
 a - a +0 hand axe
 D - a +0 hand axe of flaming
 E - a +4 hand axe
 K - a +3 hand axe of freezing (weapon)
Armour
 e - a +0 pair of gloves (worn)
 m - a +1 cloak
 n - a +0 ring mail
 w - a +0 chain mail
 F - a +0 plate armour (worn)
 M - a scarf of repulsion (worn)
Jewellery
 g - a ring of willpower
 o - an amulet of regeneration
 y - a +4 ring of evasion
 C - an amulet of magic regeneration
 L - a +6 ring of intelligence
Wands
 B - a wand of polymorph (5)
 G - a wand of flame (11)
 I - a wand of digging (5)
 J - a wand of roots (8)
Scrolls
 d - 4 scrolls of immolation {unknown}
 i - 3 scrolls of fear {unknown}
 j - a scroll of poison {unknown}
 k - 5 scrolls of teleportation {unknown}
 l - a scroll of vulnerability {unknown}
 p - 9 scrolls of identify {unknown}
 s - 2 scrolls of amnesia {unknown}
 x - a scroll of enchant armour {unknown}
Potions
 b - 3 potions of flight {unknown}
 c - 2 potions of degeneration {unknown}
 f - 3 potions of heal wounds {unknown}
 h - 2 potions of haste {unknown}
 q - 2 potions of brilliance {unknown}
 r - 2 potions of resistance {unknown}
 t - 6 potions of ambrosia
 u - a potion of might {unknown}
 v - 2 potions of berserk rage {unknown}
 z - 3 potions of curing {unknown}
 A - a potion of lignification {unknown}
 H - a potion of invisibility {unknown}


   Skills:
 + Level 14.5 Fighting
 + Level 14.5 Axes
 - Level 2.4 Armour
 - Level 2.1 Dodging


You had 9 spell levels left.
You didn't know any spells.
Your spell library was empty.

Dungeon Overview and Level Annotations

Branches:
Dungeon (9/15)             Temple (0/1) D:5            Lair (1/5) D:9
    Orc: D:9-12

Altars:
Elyvilon
Kikubaaqudgha
Makhleb
Nemelex Xobeh
Ru
Sif Muna
Uskayaw
Vehumet
Zin
The Shining One

Shops:
D:4 =


Innate Abilities, Weirdness & Mutations

You have a pair of horns on your head.
You reflexively headbutt those who attack you in melee.


Message History

You slash the blink frog! You freeze the blink frog.
A nearby plant withers and dies.
The blink frog blinks!
The blink frog hits something!
You hit the blink frog. You freeze the blink frog.
Your headbutt misses the blink frog.
The blink frog is severely wounded.
You slash the blink frog! You freeze the blink frog. You slash the blink frog!
You freeze the blink frog.
You kill the blink frog!
Trog accepts your kill. The blink frog hits you.
The blink frog closely misses you. You furiously retaliate!
You headbutt the blink frog. You hit the blink frog. You freeze the blink frog.
You headbutt the blink frog.
You kill the blink frog!
Trog accepts your kill.
You barely miss the blink frog.
The blink frog attacks as you move away!
The blink frog hits you!
You see here a blink frog corpse.
Unknown command.
A nearby plant withers and dies.
The blink frog blinks!
The blink frog is no longer moving slowly.
The blink frog hits you. The blink frog hits you!
The blink frog barely misses you. The blink frog hits you.
The blink frog attacks as you move away!
The blink frog hits you!
The blink frog blinks!
The blink frog hits you but does no damage.
The blink frog attacks as you move away!
The blink frog hits you!
* * * LOW HITPOINT WARNING * * *
The blink frog attacks as you move away!
The blink frog hits you!
* * * LOW HITPOINT WARNING * * *
The blink frog hits you but does no damage.
The blink frog attacks as you move away!
The blink frog hits you.
* * * LOW HITPOINT WARNING * * *
The blink frog hits you!
You die...

####### ##
######..##.######.####
........@.............
.......FF.............
......................
...........F..........
......................
.......♣♣♣..♣♣......♣P
....... ♣♣........♣P.
......P..♣♣♣.♣......♣♣
....?.♣.♣..♣....F...♣.


You could see 3 blink frogs.

Vanquished Creatures
  A boulder beetle (D:9)
  A two-headed ogre (D:9)
  A kobold demonologist (D:9)
  A queen bee (D:9)
  2 blink frogs (Lair:1)
  A shadow (D:9)
  5 yaks (D:9)
  3 wargs (D:9)
  An acid dragon (D:9)
  A black bear (D:4)
  An orc warrior (D:8)
  3 ice beasts (D:6)
  An ogre (D:5)
  A phantom (D:7)
  2 kobold brigands
  3 necrophages
  4 bullfrogs
  A scorpion (D:6)
  14 wights
  22 killer bees (D:9)
  4 howler monkeys
  2 hounds
  6 orc priests
  A gnoll bouda (D:6)
  A jelly (D:7)
  An iguana (D:4)
  18 orc wizards
  7 adders
  9 gnolls
  2 ufetubi
  A dart slug (D:5)
  4 worms
  36 orcs
  5 bats
  6 endoplasms
  6 giant cockroaches
  9 goblins
  8 hobgoblins
  17 kobolds
  5 quokkas
  8 ball pythons
  2 frilled lizards (D:3)
  9 rats
236 creatures vanquished.

Vanquished Creatures (others)
  An orc wizard (D:9)
  4 plants
5 creatures vanquished.

Grand Total: 241 creatures vanquished

Notes
Turn   | Place    | Note
-------+----------+-------------------------------------------
     0 | D:1      | nucleargodhead the Minotaur Berserker began the quest for
                  | the Orb.
     0 | D:1      | Reached XP level 1. HP: 19/19 MP: 0/0
    84 | D:1      | Found a faded altar of an unknown god.
   520 | D:1      | Reached XP level 2. HP: 22/27 MP: 1/1
  1040 | D:2      | Reached XP level 3. HP: 32/34 MP: 2/2
  1257 | D:2      | Reached ** piety under Trog
  1521 | D:2      | Found a glowing golden altar of the Shining One.
  1724 | D:3      | Reached XP level 4. HP: 41/41 MP: 3/3
  1801 | D:3      | Found a sacrificial altar of Ru.
  1856 | D:3      | Reached skill level 5 in Axes
  1937 | D:3      | Reached skill level 5 in Fighting
  2417 | D:3      | You fall into a shaft and drop 2 floors!
  2417 | D:5      | Entered Level 5 of the Dungeon
  2417 | D:5      | Found a staircase to the Ecumenical Temple.
  2431 | D:5      | Noticed an ogre
  2437 | D:5      | Killed an ogre
  2438 | D:5      | Reached XP level 5. HP: 7/50 MP: 4/4
  2858 | D:4      | Noticed a black bear
  2863 | D:4      | Killed a black bear
  2864 | D:4      | Reached XP level 6. HP: 58/58 MP: 5/5
  3063 | D:4      | Found Fotavergh's Jewellery Shop.
  3071 | D:4      | Reached *** piety under Trog
  4208 | D:5      | Reached XP level 7. HP: 55/66 MP: 6/6
  4969 | D:6      | Reached XP level 8. HP: 77/77 MP: 7/7
  5019 | D:6      | Found a hide-covered altar of Uskayaw.
  5562 | D:7      | Reached skill level 10 in Fighting
  5562 | D:7      | Reached skill level 10 in Axes
  5792 | D:7      | Found a sparkling altar of Nemelex Xobeh.
  5792 | D:7      | Found a burning altar of Makhleb.
  6160 | D:8      | Reached XP level 9. HP: 64/85 MP: 8/8
  6162 | D:8      | Reached **** piety under Trog
  7081 | D:9      | Noticed a boulder beetle
  7098 | D:9      | Killed a boulder beetle
  7621 | D:9      | Found a glowing golden altar of the Shining One.
  7621 | D:9      | Found a glowing silver altar of Zin.
  7621 | D:9      | Found a white marble altar of Elyvilon.
  7861 | D:9      | Noticed a two-headed ogre
  7864 | D:9      | Noticed a kobold demonologist
  7869 | D:9      | Killed a two-headed ogre
  7870 | D:9      | Reached XP level 10. HP: 78/100 MP: 9/9
  7871 | D:9      | Found a staircase to the Lair.
  8872 | D:9      | Reached ***** piety under Trog
  9681 | D:9      | Found a radiant altar of Vehumet.
  9688 | D:9      | Found an ancient bone altar of Kikubaaqudgha.
  9835 | D:9      | Found a shimmering blue altar of Sif Muna.
 10011 | Lair:1   | Entered Level 1 of the Lair of Beasts
 10057 | Lair:1   | Slain by a blink frog

Illustrated notes

Levels and vault maps discovered:
D:1:      wander_arrival_desolate, layout_loops_ring,
          ebering_ecumenical_altar_hall
D:2:      layout_rooms, basic_altar, kennysheep_generic_room_15
D:3:      layout_loops_ring, nicolae_ru_sacrificial_ziggurat,
          minmay_stone_trees_small, st_stairs_13, minivault_26
D:4:      layout_basic, serial_shops, nicolae_shop_trees, minmay_surrounded
D:5:      layout_basic, minmay_temple_entry_waves
D:6:      layout_basic, mainiacjoe_overflow_alcove_4
D:7:      layout_rooms, gammafunk_temple_overflow_wave,
          hangedman_abyss_or_decor_lesser_grid
D:8:      layout_basic, special_room [special_room_orc], serial_glass,
          glass_columns_a, glass_columns_b, glass_columns_b, glass_columns_b
D:9:      layout_irregular_city, dreamdust_divine_triumvirate,
          palyth_temple_overflow_mages, erik_lair_orcish_takeover, minivault_7
Lair:1:   wad_woods_settlement, layout_regular_city, basic_altar, serial_forest,
          infiniplex_forest_3_way, infiniplex_forest_lined_corner,
          infiniplex_forest_corner_2, infiniplex_forest_clump_tiny,
          infiniplex_forest_split, infiniplex_forest_clump_cross,
          infiniplex_forest_clump_curved, infiniplex_forest_lined_corner

Skill      XL: |  1  2  3  4  5  6  7  8  9 10 |
---------------+-------------------------------+-----
Fighting       | 4 5 6 7 8 10 12 14 | 14.5
Axes           | 4 6 7 8 10 12 14 | 14.5
Armour         | |  2.4
Dodging        | |  2.1

Action                   |  1- 3 |  4- 6 |  7- 9 | 10-12 || total
-------------------------+-------+-------+-------+-------++-------
Melee: Hand axe          |    84 |   113 |   218 |   137 ||   552
       Headbutt          |    14 |    31 |    38 |    23 ||   106
       Punch             |       |     1 |     4 |     2 ||     7
Invok: Berserk           |       |     3 |    11 |     4 ||    18
       Trog's Hand       |       |       |     3 |     2 ||     5
Evoke: Wand              |       |       |     2 |       ||     2
Armor: Animal skin       |    14 |       |       |       ||    14
       Ring mail         |     1 |    21 |       |       ||    22
       Chain mail        |       |    12 |    51 |       ||    63
       Plate armour      |       |       |    43 |    71 ||   114
Dodge: Dodged            |    45 |    49 |    77 |    40 ||   211
       Repelled          |       |       |       |     1 ||     1

Table legend: (Time is in decaauts)
 A = Elapsed time spent in this place.
 B = Non-inter-level travel time spent in this place.
 C = Inter-level travel time spent in this place.
 D = Time resting spent in this place.
 E = Time spent auto-exploring this place.
 F = Levels seen in this place.
 G = Mean time per level.
                   A        B        C        D        E       F      G
               +--------+--------+--------+--------+--------+-----+--------+
         Total |  10122 |   9725 |    397 |   3157 |   5241 |  10 | 1012.2 |
       Dungeon |  10080 |   9683 |    397 |   3157 |   5219 |   9 | 1120.0 |
          Lair |     42 |     42 |      0 |      0 |     22 |   1 |   42.0 |
               +--------+--------+--------+--------+--------+-----+--------+

Top non-repeatable levels by time:
     D:9: 2613 daAuts
     D:8: 1310 daAuts
     D:4: 1039 daAuts
     D:1: 994 daAuts
     D:6: 960 daAuts
     D:5: 929 daAuts
     D:3: 926 daAuts
     D:2: 727 daAuts
     D:7: 578 daAuts
  Lair:1: 42 daAuts
